 Dungeon Crawl Stone Soup version 0.24-a0-373-g39439d866b (webtiles) character file.

Game seed: 14390529330737652469

28 roguesci the Charmwright (level 3, -6/28 HPs)
             Began as a Demonspawn Skald on May 30, 2019.
             Mangled by Jessica
             ... wielding a +6 club
              (8 damage)
             ... on level 2 of the Dungeon.
             The game lasted 00:04:31 (1459 turns).

roguesci the Charmwright (Demonspawn Skald)         Turns: 1459, Time: 00:04:32

Health: -6/28      AC:  3    Str: 16    XL:     3   Next: 0%
Magic:  4/6        EV: 14    Int: 14    God:
Gold:   94         SH:  0    Dex: 13    Spells: 5/6 levels left

rFire    . . .     SeeInvis .   a - +0 short sword
rCold    . . .     Gourm    .   (no shield)
rNeg     . . .     Faith    .   b - +0 leather armour
rPois    .         Spirit   .   (no helmet)
rElec    .         Reflect  .   (no cloak)
rCorr    .         Harm     +   (no gloves)
MR       .....                  (no boots)
Stlth    +.........             h - amulet of harm
HPRegen  0.09/turn              (no ring)
MPRegen  0.10/turn              (no ring)

@: mighty, infused, flying
A: repulsion field 1
a: no special abilities


You were on level 2 of the Dungeon.
You were not hungry.

You visited 1 branch of the dungeon, and saw 2 of its levels.

You collected 94 gold pieces.

Inventory:

Hand Weapons
 a - a +0 short sword (weapon)
Missiles
 j - 2 stones (quivered)
Armour
 b - a +0 leather armour (worn)
Jewellery
 h - an amulet of harm (around neck)
Wands
 n - a wand of clouds (7)
Scrolls
 c - 5 scrolls of identify {unknown}
 e - a scroll of amnesia {unknown}
 i - a scroll of magic mapping {unknown}
 k - a scroll of blinking {unknown}
Potions
 f - 2 potions of flight
 m - a potion of heal wounds {unknown}
Comestibles
 d - 4 rations
 g - 3 chunks of flesh


   Skills:
 * Level 2.4 Fighting
 + Level 1.9 Short Blades
 + Level 1.1 Armour
 * Level 2.1 Dodging
 * Level 1.1 Stealth
 + Level 2.1 Spellcasting
 + Level 2.8 Charms


You had 5 spell levels left.
You knew the following spells:

 Your Spells              Type           Power        Failure   Level  Hunger
a - Infusion              Chrm           #...         10%         1    ##.....

Your spell library contained the following spells:

 Spells                   Type           Power        Failure   Level  Hunger
 Song of Slaying          Chrm           #.......     14%         2    ###....
 Shroud of Golubria       Chrm/Tloc      #.........   24%         2    ###....
 Regeneration             Chrm/Necr      #.........   43%         3    ####...
 Spectral Weapon          Hex/Chrm       #.......     43%         3    ####...


Dungeon Overview and Level Annotations

Branches:
Dungeon (2/15)

Altars:

Annotations:
D:2 Jessica


Innate Abilities, Weirdness & Mutations

You are surrounded by a mild repulsion field. (EV +2)


Message History

You barely miss Jessica.
Jessica is moderately wounded.
Jessica mumbles some strange words.
Jessica blinks!
Jessica gestures at you while chanting. Pain shoots through your body!
Ouch! That really hurt!
* * * LOW HITPOINT WARNING * * *
Jessica misses you.
Casting: Infusion (safe; 10% risk of failure)
Confirm with . or Enter, or press ? or * to list all spells.
Okay, then.
It was a potion of flight.
You feel very buoyant.
You fly up into the air.
Jessica hits you with a +6 club.
* * * LOW HITPOINT WARNING * * *
It was a potion of might.
You feel very mighty all of a sudden. Jessica hits you with a +6 club!
You die...

..........#
..........#
.......รท..##########
...................#
...###+##..........#
... ...............#
... ...............#
...................#
........#.......@..#
........#......@...#
###.....#..........#
.. #..........#
............#
..########### b.


You could see Jessica.

Vanquished Creatures
  A dart slug (D:2)
  A leopard gecko (D:1)
  2 giant cockroaches (D:2)
  4 hobgoblins
  4 jackals (D:1)
  2 kobolds (D:1)
  A quokka (D:2)
  A bat (D:1)
  3 frilled lizards
  2 goblins (D:2)
  2 rats
23 creatures vanquished.

Notes
Turn   | Place    | Note
-------+----------+-------------------------------------------
     0 | D:1      | roguesci the Demonspawn Skald began the quest for the Orb.
     0 | D:1      | Reached XP level 1. HP: 16/16 MP: 3/3
   194 | D:1      | Reached skill level 1 in Armour
   531 | D:1      | Gained mutation: You are surrounded by a mild repulsion
                  | field. (EV +2) [demonic ancestry]
   531 | D:1      | Reached XP level 2. HP: 22/22 MP: 5/5
  1229 | D:2      | Reached skill level 1 in Stealth
  1387 | D:2      | Reached XP level 3. HP: 23/28 MP: 6/6
  1445 | D:2      | Noticed Jessica
  1459 | D:2      | Mangled by Jessica

Levels and vault maps discovered:
D:1:      scummos_arrival_star, layout_basic
D:2:      lemuel_upstairs_altar, layout_basic, uniq_jessica

Skill      XL: |  1  2 |
---------------+-------+-----
Armour         | 1 |  1.1
Dodging        | 2 |  2.1
Stealth        | 1 |  1.1
Fighting       | |  2.4
Short Blades   | |  1.9
Spellcasting   | |  2.1
Charms         | |  2.8

Action                   || total
-------------------------++-------
Melee: Short sword       ||    95
 Cast: Infusion          ||     2
  Use: Potion            ||     2
  Eat: Chunk             ||     2
Armor: Leather armour    ||    20
Dodge: Dodged            ||    67

Table legend:
 A = Non-vault XP
 B = Vault XP
 C = Vault XP percentage of total XP
 D = Non-vault monster count
 E = Vault monster count
 F = Vault count percentage of total count
                 A         B        C        D         E       F
            +---------+---------+-------+---------+---------+-------
      Total |      41 |       0 |   0.0 |      23 |       0 |   0.0
            +---------+---------+-------+---------+---------+-------
        D:1 |      20 |       0 |   0.0 |      12 |       0 |   0.0
        D:2 |      21 |       0 |   0.0 |      11 |       0 |   0.0
            +---------+---------+-------+---------+---------+-------
